[Event "3rd International Chess Festival Sport "]
[Site "Paracin"]
[Date "2010.07.13"]
[Round "5.5"]
[White "Damljanovic Branko"]
[Black "Abramovic Bosko"]
[Result "1/2-1/2"]
[ECO "D36"]
[WhiteElo "2541"]
[BlackElo "2491"]
[Annotator "Milojevic,Boban"]
[PlyCount "40"]
[EventDate "2010.??.??"]
[TimeControl "5400"]

1. c4 e6 2. Nc3 d5 3. d4 Nf6 4. Bg5 Be7 5. cxd5 exd5 6. e3 c6 7. Bd3 Nbd7 8.
Qc2 Nh5 9. Bxe7 Qxe7 10. Nge2 Nb6 11. h3 g6 12. O-O-O Be6 13. Kb1 O-O-O 14. Ka1
Kb8 15. Na4 Nxa4 16. Qxa4 Ng7 17. Rc1 Bd7 18. Rhd1 Ne8 19. Nf4 Nd6 20. Qa3 Rhe8
1/2-1/2

[Event "3rd International Chess Festival Sport "]
[Site "Paracin"]
[Date "2010.07.13"]
[Round "5.5"]
[White "Dochev Dimitar"]
[Black "Kryakvin Dmitry"]
[Result "0-1"]
[ECO "B80"]
[WhiteElo "2430"]
[BlackElo "2603"]
[Annotator "Milojevic,Boban"]
[PlyCount "50"]
[EventDate "2010.??.??"]
[TimeControl "5400"]

1. e4 c5 2. Nf3 Nc6 3. d4 cxd4 4. Nxd4 Nf6 5. Nc3 d6 6. f3 e6 7. Be3 Be7 8. Qd2
O-O 9. O-O-O a6 10. g4 Nxd4 11. Qxd4 b5 12. h4 Rb8 13. Kb1 Nd7 14. h5 h6 15. g5
b4 16. Na4 Bxg5 17. Bxg5 Qxg5 18. Qxd6 Bb7 19. Be2 Ne5 20. Rhg1 Qf6 21. Nc5
Rfd8 22. Qb6 Bd5 23. Qa5 Bc4 24. Rxd8+ Rxd8 25. Bd1 Nc6 0-1

[Event "3rd International Chess Festival Sport "]
[Site "Paracin"]
[Date "2010.07.13"]
[Round "5.5"]
[White "Savic Miodrag R"]
[Black "Nikolov Sasho"]
[Result "0-1"]
[ECO "B01"]
[WhiteElo "2477"]
[BlackElo "2409"]
[Annotator "Milojevic,Boban"]
[PlyCount "72"]
[EventDate "2010.??.??"]
[TimeControl "5400"]

1. e4 d5 2. exd5 Qxd5 3. Nc3 Qd6 4. d4 Nf6 5. Bc4 a6 6. Nf3 Nc6 7. h3 Bf5 8.
O-O e6 9. Be3 O-O-O 10. Qe2 Nd5 11. a3 h6 12. Bxa6 Nxc3 13. bxc3 bxa6 14. Qxa6+
Kd7 15. Qa4 Ke7 16. c4 f6 17. Rfd1 Be4 18. Nd2 Bg6 19. Nf3 Be8 20. Qb3 Kf7 21.
Rd3 Be7 22. Re1 Na5 23. Qa2 Qa6 24. Nd2 Kg6 25. Bf4 c5 26. Rde3 e5 27. dxe5
Rxd2 28. Rg3+ Kh7 29. Bxd2 Nxc4 30. Bc3 fxe5 31. Rg4 Bf7 32. f4 h5 33. Rg3 Bh4
34. Rge3 Nxe3 35. Qxf7 Bxe1 36. Qxh5+ Qh6 0-1

[Event "3rd International Chess Festival Sport "]
[Site "Paracin"]
[Date "2010.07.13"]
[Round "5.5"]
[White "Ardeleanu Alin"]
[Black "Janev Evgeni"]
[Result "1/2-1/2"]
[ECO "B07"]
[WhiteElo "2399"]
[BlackElo "2463"]
[Annotator "Milojevic,Boban"]
[PlyCount "99"]
[EventDate "2010.??.??"]
[TimeControl "5400"]

1. e4 d6 2. d4 Nf6 3. Nc3 e5 4. dxe5 dxe5 5. Qxd8+ Kxd8 6. Bg5 c6 7. O-O-O+ Ke8
8. f4 Be7 9. Nf3 Ng4 10. Re1 f6 11. Bh4 exf4 12. e5 f5 13. Bxe7 Kxe7 14. Ne2
Nd7 15. Nxf4 Nc5 16. Bd3 Nf2 17. Rhf1 Nfxd3+ 18. cxd3 Ne6 19. g3 Nxf4 20. gxf4
Be6 21. Rg1 g6 22. Kc2 a5 23. a3 Rad8 24. h4 Bd5 25. Nd4 Rhg8 26. Re3 Bf7 27.
Kc3 Rd5 28. h5 Rgd8 29. Nf3 Rc5+ 30. Kd2 Bb3 31. Ne1 Bf7 32. Nf3 Bb3 33. Ne1
Bf7 34. hxg6 Bxg6 35. Nf3 Rc4 36. Nh4 Rxf4 37. Nxg6+ hxg6 38. Rxg6 Rg4 39. Rf6
Rf8 40. Rxf8 Kxf8 41. Rf3 f4 42. d4 Rg2+ 43. Kc1 Rg1+ 44. Kc2 Rg2+ 45. Kd3 Rxb2
46. Rxf4+ Ke7 47. Rh4 a4 48. Rh7+ Ke6 49. Rh6+ Ke7 50. Rh7+ 1/2-1/2

[Event "3rd International Chess Festival Sport "]
[Site "Paracin"]
[Date "2010.07.13"]
[Round "5.5"]
[White "Lajthajm Borko"]
[Black "Kojovic Dragan"]
[Result "1-0"]
[ECO "A16"]
[WhiteElo "2249"]
[BlackElo "2381"]
[Annotator "Milojevic,Boban"]
[PlyCount "69"]
[EventDate "2010.??.??"]
[TimeControl "5400"]

1. Nf3 Nf6 2. c4 g6 3. g3 Bg7 4. Bg2 O-O 5. Nc3 d5 6. cxd5 Nxd5 7. O-O Nc6 8.
Qb3 Nb6 9. d3 h6 10. Bd2 Bg4 11. Qd1 Qc8 12. Ne4 Bh3 13. Qc1 Bxg2 14. Kxg2 Kh7
15. a4 a5 16. Bc3 e5 17. h4 f5 18. Nc5 f4 19. Kh2 Nd5 20. Rg1 fxg3+ 21. Rxg3
Nf4 22. Qf1 b6 23. Ne4 Qd7 24. Rc1 Rf5 25. Bd2 Nh5 26. Qh3 Rd8 27. Rxg6 Nd4 28.
Nxd4 exd4 29. Rcc6 Qf7 30. Qg2 Nf4 31. Bxf4 Rxf4 32. Qg3 Rf8 33. Kg2 Qe7 34. h5
R4f5 35. Rxc7 1-0

[Event "3rd International Chess Festival Sport "]
[Site "Paracin"]
[Date "2010.07.13"]
[Round "5.5"]
[White "Simantsev Mikhail"]
[Black "Bojovic Dusan"]
[Result "1-0"]
[ECO "E14"]
[WhiteElo "2539"]
[BlackElo "2330"]
[Annotator "Milojevic,Boban"]
[PlyCount "61"]
[EventDate "2010.??.??"]
[TimeControl "5400"]

1. d4 Nf6 2. c4 e6 3. Nf3 b6 4. e3 Bb7 5. Bd3 c5 6. O-O Qc7 7. Nc3 a6 8. Qe2 d6
9. b3 Nbd7 10. Bb2 Be7 11. Rad1 cxd4 12. exd4 d5 13. Ne5 dxc4 14. bxc4 Nxe5 15.
dxe5 Nd7 16. f4 Nc5 17. Bc2 g6 18. Nd5 exd5 19. cxd5 Bxd5 20. Rxd5 O-O 21. f5
Qc6 22. Qf3 Ne6 23. Bb3 Nc7 24. Kh1 Nxd5 25. Bxd5 Qb5 26. f6 Bc5 27. Ba1 Rad8
28. Rd1 h6 29. e6 fxe6 30. Bxe6+ Kh7 31. Qb7+ 1-0

[Event "3rd International Chess Festival Sport "]
[Site "Paracin"]
[Date "2010.07.13"]
[Round "5.5"]
[White "Doric Nenad"]
[Black "Stanojoski Zvonko"]
[Result "0-1"]
[ECO "B22"]
[WhiteElo "2322"]
[BlackElo "2487"]
[Annotator "Milojevic,Boban"]
[PlyCount "94"]
[EventDate "2010.??.??"]
[TimeControl "5400"]

1. e4 c5 2. c3 d5 3. exd5 Qxd5 4. d4 Nf6 5. Nf3 Bg4 6. dxc5 Qxd1+ 7. Kxd1 e5 8.
b4 e4 9. h3 Bh5 10. g4 Nxg4 11. hxg4 Bxg4 12. Nbd2 exf3 13. Bd3 Nc6 14. Re1+
Be7 15. Kc2 h5 16. Be4 Kf8 17. Nxf3 Rc8 18. Bf4 b6 19. Nd4 Bd7 20. Nf5 bxc5 21.
b5 Na5 22. Nxe7 Kxe7 23. Bb7+ Be6 24. Bxc8 Rxc8 25. Rad1 Nc4 26. a4 Kf6 27. Rg1
Kf5 28. Bc1 g6 29. Rg5+ Kf6 30. Rg3 Kg7 31. Rh1 Rh8 32. Be3 h4 33. Rg5 Nxe3+
34. fxe3 f5 35. a5 Bd5 36. Rh2 Kf6 37. Rg1 g5 38. Kd3 g4 39. b6 axb6 40. axb6
h3 41. Ke2 Kg5 42. Rb1 Bb7 43. Kf2 Kh4 44. Rg1 Ra8 45. Rg3 Ra2+ 46. Kg1 Ra1+
47. Kf2 Be4 0-1

[Event "3rd International Chess Festival Sport "]
[Site "Paracin"]
[Date "2010.07.13"]
[Round "5.5"]
[White "Nestorovic Dejan"]
[Black "Strebkovs Andrejs"]
[Result "1-0"]
[ECO "E73"]
[WhiteElo "2422"]
[BlackElo "2325"]
[Annotator "Milojevic,Boban"]
[PlyCount "99"]
[EventDate "2010.??.??"]
[TimeControl "5400"]

1. d4 d6 2. c4 Nf6 3. Nc3 g6 4. e4 Bg7 5. Be2 O-O 6. Bg5 Na6 7. Qd2 c6 8. O-O-O
Qe8 9. f3 e5 10. d5 cxd5 11. cxd5 Nc5 12. Kb1 Bd7 13. Rc1 a5 14. g4 b5 15. h4
b4 16. Nd1 Rc8 17. Nh3 Na4 18. Rxc8 Qxc8 19. Nhf2 Qb8 20. b3 Nc5 21. Nd3 Rc8
22. Nxc5 Rxc5 23. Be3 Rc7 24. Bd3 a4 25. Qe2 axb3 26. axb3 h5 27. g5 Ne8 28.
Rh2 Rc8 29. Ba6 Rd8 30. Qe1 Nc7 31. Bc4 Qb7 32. Ra2 Ra8 33. Rxa8+ Nxa8 34. Nb2
f5 35. Nd3 fxe4 36. fxe4 Bf8 37. Qxb4 Qc8 38. Qa5 Bg4 39. Qa7 Bf3 40. Nf2 Nc7
41. Bb6 Ne8 42. Kb2 Ng7 43. Bb5 Bg4 44. Bc6 Be2 45. Bd7 Qa6 46. Qxa6 Bxa6 47.
b4 Kf7 48. b5 Bb7 49. Bc6 Bc8 50. Bd8 1-0